 Dungeon Crawl Stone Soup version 0.19-a0-1218-gcd7aee6 (webtiles) character file.

13 Ishikawa the Magician (level 2, -1/20 HPs)
             Began as a Mummy Wizard on Aug 24, 2016.
             Slain by a gnoll
             ... wielding a +0 flail
              (13 damage)
             ... on level 1 of the Dungeon.
             The game lasted 00:02:54 (933 turns).

Ishikawa the Magician (Mummy Wizard)                 Turns: 933, Time: 00:02:55

Health: -1/20      AC:  3    Str: 10    XL:     2   Next: 24%
Magic:  1/6        EV: 12    Int: 17    God:
Gold:   15         SH:  0    Dex: 10    Spells: 2 memorised, 4 levels left

rFire  x . .     SeeInvis .     d - +0 dagger
rCold  + . .     Gourm    .     g - +1 robe {rN+}
rNeg   + + +     Faith    .     (no shield)
rPois  ∞         Spirit   .     b - +0 hat
rElec  .         Dismiss  .     (no cloak)
rCorr  .         Reflect  .     (no gloves)
MR     .....     Harm     .     (no boots)
Stlth  ++........               (no amulet)
                                (no ring)
                                (no ring)

@: very slightly contaminated
A: no food or potions, fire vulnerability, cold resistance 1, negative energy
resistance 3, torment resistance, unbreathing
a: no special abilities


You were on level 1 of the Dungeon.
You were not hungry.

You visited 1 branch of the dungeon, and saw 1 of its levels.

You collected 15 gold pieces.

Inventory:

Hand Weapons
 d - a +0 dagger (weapon)
Armour
 a - a +0 robe
 b - a +0 hat (worn)
 g - a +1 robe of positive energy (worn)
Scrolls
 e - a scroll of teleportation {unknown}
 f - a scroll of recharging {unknown}
Books
 c - a book of Minor Magic

   Spells                             Type                      Level
   a - Magic Dart                     Conjuration                  1
   b - Blink                          Translocation                2
   c - Call Imp                       Summoning                    2
   d - Repel Missiles                 Charms/Air                   2
   e - Slow                           Hexes                        2
   f - Conjure Flame                  Conjuration/Fire             3
   g - Mephitic Cloud                 Conjuration/Poison/Air       3


   Skills:
 + Level 0.8 Fighting
 - Level 1.5 Dodging
 - Level 1.6 Stealth
 + Level 3.2 Spellcasting
 + Level 1.0 Conjurations
 - Level 0.7 Summonings
   Level 0.7 Translocations


You had 4 spell levels left.
You knew the following spells:

 Your Spells              Type           Power        Failure   Level  Hunger
a - Magic Dart            Conj           #...         14%         1    N/A
b - Call Imp              Summ           #.......     21%         2    N/A

Dungeon Overview and Level Annotations

Branches:
Dungeon (1/15)

Altars:


Innate Abilities, Weirdness & Mutations

You do not eat or drink.
Your flesh is vulnerable to fire.
You are immune to poison.
Your flesh is cold resistant. (rC+)
You are immune to negative energy. (rN+++)
You are immune to unholy pain and torment.
You can survive without breathing.


Message History

Casting: Call Imp
Confirm with . or Enter, or press ? or * to list all spells.
You miscast Call Imp.
You are very lightly contaminated with residual magic.
A fistful of eyes flickers past your view.
The gnoll hits you with a flail!
Casting: Call Imp
Confirm with . or Enter, or press ? or * to list all spells.
A beastly little devil appears in a puff of flame.
Your crimson imp hits the gnoll.
Your crimson imp closely misses the gnoll.
Your crimson imp blinks!
You hit the gnoll but do no damage.
The gnoll is lightly wounded.
The gnoll misses you.
You barely miss the gnoll.
The gnoll is lightly wounded.
The gnoll hits you with a flail!
Ouch! That really hurt!
You die...

#.............###.######
#..♣..♣.♣..♣..# #.#
#≈#♣♣..≈..♣♣#≈# #.#
#≈#P♣.≈≈≈5♣P#≈# #.#
#≈#>..≈8≈..<#≈# #.#
#≈#P♣.≈≈≈.♣P#≈###.###### ######
#≈#♣♣..≈.)♣♣#≈#........# .....#
#..♣..♣.♣.§♣..#.#.####.# ####.#
#......@g.....#.#.## #.#
###.#####.#.#♣♣♣♣♣#.#.#....###.#
#.......#'###########'#.....##.#
#.#.####..##.................#.#
#.#.# #.###.#.#######..........
#.#.####.# #.#.# ##........#
#.#...##.###.#g# ###...####
#.###.##.......# ##..##
#........###.##### ##...##


You could see a gnoll and a friendly crimson imp.

Vanquished Creatures
  2 dart slugs (D:1)
  3 goblins (D:1)
  A hobgoblin (D:1)
  3 rats (D:1)
9 creatures vanquished.

Notes
Turn   | Place    | Note
-------+----------+-------------------------------------------
     0 | D:1      | Ishikawa the Mummy Wizard began the quest for the Orb.
     0 | D:1      | Reached XP level 1. HP: 13/13 MP: 4/4
   194 | D:1      | Reached skill level 1 in Conjurations
   350 | D:1      | Reached XP level 2. HP: 19/19 MP: 4/6
   354 | D:1      | Learned a level 2 spell: Call Imp
   519 | D:1      | HP: 1/20 [dart slug/slug dart (4)]
   933 | D:1      | Slain by a gnoll

Vault maps used:
D:1:      tarquinn_simple_flora_water_b

Skill      XL: |  1 |
---------------+----+-----
Conjurations   | 1 |  1.0
Fighting       | |  0.8
Dodging        | |  1.5
Stealth        | |  1.6
Spellcasting   | |  3.2
Summonings     | |  0.7
Translocations | |  0.7

Action                   || total
-------------------------++-------
Melee: Unarmed           ||     2
       Dagger            ||    14
 Cast: Magic Dart        ||    26
       Call Imp          ||     2
Armor: Robe              ||     3
Dodge: Dodged            ||    10
